 Dungeon Crawl Stone Soup version 0.20.0-15-g7f486f2 (webtiles) character file.

15425 Chiseanne the Destroyer (level 12, 74/74 HPs)
             Began as a Demonspawn Wizard on June 14, 2017.
             Was a High Priest of Vehumet.
             Quit the game on level 11 of the Dungeon.
             The game lasted 00:46:15 (19144 turns).

Chiseanne the Destroyer (Demonspawn Wizard)        Turns: 19144, Time: 00:46:16

Health: 74/74      AC: 18    Str:  7    XL:     12   Next: 1%
Magic:  13/28      EV: 12    Int: 24    God:    Vehumet [*****.]
Gold:   198        SH:  9    Dex: 13    Spells: 14/35 levels left

rFire    . . .     SeeInvis .   a - +6 spear (pierce)
rCold    + . .     Gourm    .   b - +1 buckler
rNeg     + . .     Faith    .   U - +2 robe {rN+}
rPois    .         Spirit   .   (helmet restricted)
rElec    .         Reflect  +   (no cloak)
rCorr    .         Harm     .   y - +0 pair of gloves
MR       .....                  J - +2 pair of boots
Stlth    ++........             c - +3 amulet of reflection
Regen    0.3/turn               (no ring)
MPRegen  0.3/turn               (no ring)

@: no status effects
A: horns 1, cold resistance 1, icemail, powered by death 1, freezing cloud
immunity, sanguine armour 1
a: Renounce Religion


You were on level 11 of the Dungeon.
You worshipped Vehumet.
Vehumet was extremely pleased with you.
You were hungry.

You visited 3 branches of the dungeon, and saw 13 of its levels.

You collected 612 gold pieces.
You spent 414 gold pieces at shops.

Inventory:

Hand Weapons
 a - a +6 spear of piercing (weapon)
 s - a +2 whip of venom
 w - a +0 blowgun
 O - a +1 whip of electrocution
 T - a +2 trident of protection
Missiles
 i - 125 bolts
 m - 35 poisoned needles
 A - 5 tomahawks (quivered)
 C - 19 sling bullets
 N - a throwing net {!*}
 V - 3 curare-tipped needles
Armour
 b - a +1 buckler (worn)
 g - a +2 helmet
 y - a +0 pair of gloves (worn)
 J - a +2 pair of boots (worn)
 Q - a +0 troll leather armour
 U - a +2 robe of positive energy (worn)
Jewellery
 c - a +3 amulet of reflection (around neck)
 z - an uncursed ring of ice
 H - an uncursed amulet of the gourmand {unknown}
Wands
 n - a wand of iceblast (7/15)
 E - a wand of iceblast (0/15)
 G - a wand of lightning (0/15)
 I - a wand of iceblast (8/15)
 M - a wand of iceblast (9/15)
Scrolls
 e - a scroll of amnesia
 u - 2 scrolls of magic mapping
 x - 2 scrolls of blinking
 D - 2 scrolls of remove curse
 F - a scroll of recharging
 L - 2 scrolls of teleportation
Potions
 h - 6 potions of flight
 j - 5 potions of curing
 k - 4 potions of cancellation
 l - 2 potions of brilliance
 o - 3 potions of invisibility
 p - 2 potions of ambrosia
 q - 5 potions of lignification
 r - 4 potions of heal wounds
 v - 2 potions of haste
 K - a potion of mutation
 R - a potion of agility
 S - a potion of magic
Comestibles
 d - 7 bread rations
 f - 7 fruits
 t - 10 meat rations
 B - 12 royal jellies
 P - 3 chunks of flesh


   Skills:
 - Level 1.7 Dodging
 - Level 1.7 Stealth
 - Level 4.3 Shields
 * Level 12.4 Spellcasting
 * Level 13.2 Conjurations
   Level 1.0 Summonings
 - Level 0.8 Translocations


You had 14 spell levels left.
You knew the following spells:

 Your Spells              Type           Power        Failure   Level  Hunger
a - Magic Dart            Conj           ####         0%          1    None
b - Searing Ray           Conj           ######       1%          2    None
c - Fireball              Conj/Fire      #####.....   2%          5    ###....
d - Mephitic Cloud        Conj/Pois/Air  #####...     1%          3    None
e - Lightning Bolt        Conj/Air       #####.....   2%          5    ###....
f - Conjure Flame         Conj/Fire      #####...     1%          3    None
g - Blink                 Tloc           N/A          4%          2    None


Dungeon Overview and Level Annotations

Branches:
Dungeon (11/15)            Temple (1/1) D:5            Lair (1/6) D:10
    Orc: D:9-12

Altars:
Ashenzari
Cheibriados
Elyvilon
Kikubaaqudgha
Makhleb
Okawaru
Ru
Trog
Uskayaw
Vehumet
Yredelemnul

Shops:
D:4 !   D:8 :(!*(

Annotations:
Lair:1 Fannar; Gargoyl's ghost, journeyman DrAK


Innate Abilities, Weirdness & Mutations

You have a pair of small horns on your head.
Your flesh is cold resistant. (rC+)
A meltable icy envelope protects you from harm. (AC +10)
You regenerate a little health from kills.
You are immune to freezing clouds.
When seriously injured, your bleeding wounds create armour. (AC +0)


Message History

Press: ? - help, Shift-Dir - straight line, f - troll
Aim: a troll (heavily wounded)
The fireball explodes!
The fireball engulfs the troll.
The troll is almost dead.
You are feeling hungry.
Casting: Fireball
Confirm with . or Enter, or press ? or * to list all spells.
Aiming: Fireball
Press: ? - help, Shift-Dir - straight line, f/p - troll
Aim: a troll (severely wounded)
The fireball explodes!
The fireball engulfs the troll.
You kill the troll!
Vehumet accepts your kill.
You have reached level 12!
Your experience leads to an increase in your attributes!
Increase (S)trength, (I)ntelligence, or (D)exterity?
You feel clever. x2; Your demonic ancestry asserts itself...
A pair of horns grows on your head!
Your +2 helmet falls away!
Are you sure you want to abandon this character and quit the game? (Confirm with "yes".)

#.# #......[.#...### ... #.#
##......<......# >... #####.#
##.....).).....##....
......######...........(........
.####....................֠[....
#####.....................#.....
##...................)..).......
##..............................
##..............@.#.#...........
#######...#.##.....#...........
##...#.##.................
###......#..................
###..........#....#...........
###...#.#.........###...........
....###.#.......).. .. .####
#.#.........# . ## ..#......##..


There were no monsters in sight!

Vanquished Creatures
  3 two-headed ogres
  Sonja (D:11)
  The ghost of Naow the Arsonist, a novice DrFE of Vehumet (D:8)
  Pikel (D:7)
  An ugly thing (D:10)
  2 cyclopes (D:11)
  A tengu conjurer (D:10)
  5 trolls
  3 hornets
  2 hippogriffs
  The ghost of Glitchraptor the Magician, an amateur DEWz (D:4)
  A wyvern (D:10)
  Sigmund (D:5)
  A wraith (D:10)
  Grum (D:10)
  5 yaks
  4 hungry ghosts
  A soldier ant (D:9)
  A porcupine (Lair:1)
  A slave (D:7)
  7 orc warriors
  4 sky beasts
  4 ogres
  2 black bears (D:10)
  A hornet zombie (D:7)
  2 phantoms
  6 ice beasts
  3 centaurs
  3 wolves (D:10)
  2 crocodiles
  3 big kobolds
  2 gnoll sergeants
  9 bullfrogs
  A wyvern zombie (D:10)
  6 scorpions
  A water moccasin skeleton (D:11)
  4 killer bees (D:9)
  9 crimson imps
  2 centaur zombies
  3 hounds
  4 quasits
  3 jellies
  13 orc priests
  6 orc wizards
  A centaur skeleton (D:7)
  An iguana (D:9)
  4 bullfrog skeletons
  12 worker ants
  2 hound skeletons
  A worker ant zombie (D:9)
  15 adders
  25 gnolls
  2 howler monkey skeletons (D:7)
  A shadow imp (D:8)
  An ooze (D:1)
  An adder zombie (D:9)
  6 worms
  5 dart slugs
  4 leopard geckos
  59 orcs
  3 giant cockroaches
  6 goblins
  7 hobgoblins
  6 jackals
  19 kobolds
  6 quokkas
  8 ball pythons
  12 bats
  5 frilled lizards
  A jackal zombie (D:7)
  A quokka skeleton (D:7)
  A quokka zombie (D:9)
  5 rats
  A fungus (D:10)
  A plant (D:10)
359 creatures vanquished.

Vanquished Creatures (others)
  2 slaves (D:8)
  A worker ant (D:7)
  An orc (D:8)
  20 fungi (D:10)
  2 plants (D:10)
26 creatures vanquished.

Grand Total: 385 creatures vanquished

Notes
Turn   | Place    | Note
-------+----------+-------------------------------------------
     0 | D:1      | Chiseanne the Demonspawn Wizard began the quest for the Orb.
     0 | D:1      | Reached XP level 1. HP: 13/13 MP: 4/4
   270 | D:1      | Gained mutation: Your flesh is cold resistant. (rC+) [demonic ancestry]
   270 | D:1      | Reached XP level 2. HP: 19/19 MP: 0/6
   655 | D:1      | Reached skill level 2 in Conjurations
  1254 | D:2      | Reached XP level 3. HP: 24/24 MP: 0/8
  1324 | D:1      | Learned a level 2 spell: Blink
  1328 | D:1      | Learned a level 3 spell: Conjure Flame
  1332 | D:1      | Learned a level 3 spell: Mephitic Cloud
  1955 | D:2      | Reached skill level 3 in Conjurations
  1955 | D:2      | Reached XP level 4. HP: 25/30 MP: 4/9
  3151 | D:3      | Gained mutation: You regenerate a little health from kills. [demonic ancestry]
  3151 | D:3      | Reached XP level 5. HP: 35/35 MP: 9/11
  4095 | D:3      | Reached XP level 6. HP: 41/41 MP: 7/12
  4542 | D:4      | Found Vuffasch's Distillery.
  4547 | D:4      | Noticed Glitchraptor's ghost (amateur DEWz)
  4576 | D:4      | Bought a potion of invisibility for 80 gold pieces
  4576 | D:4      | Bought a potion of brilliance for 40 gold pieces
  4918 | D:4      | Killed Glitchraptor's ghost
  5198 | D:5      | Entered Level 5 of the Dungeon
  5198 | D:5      | Found a staircase to the Ecumenical Temple.
  5198 | D:5      | Noticed an ice beast
  5423 | D:4      | Reached skill level 4 in Conjurations
  5486 | D:5      | Gained mutation: When seriously injured, your bleeding wounds create armour. (AC +0) [demonic ancestry]
  5486 | D:5      | Reached XP level 7. HP: 39/46 MP: 9/13
  5853 | D:5      | Found a bloodstained altar of Trog.
  6130 | Temple   | Entered the Ecumenical Temple
  6146 | Temple   | Became a worshipper of Vehumet
  6186 | D:5      | Noticed Sigmund
  6201 | D:5      | Killed Sigmund
  6201 | D:5      | Reached skill level 5 in Spellcasting
  6201 | D:5      | Reached skill level 5 in Conjurations
  6897 | D:5      | Gained mutation: You are immune to freezing clouds. [demonic ancestry]
  6897 | D:5      | Reached XP level 8. HP: 52/52 MP: 10/16
  7209 | D:6      | Reached skill level 6 in Conjurations
  7704 | D:6      | Reached * piety under Vehumet
  7704 | D:6      | Offered knowledge of Shock by Vehumet.
  8222 | D:6      | Reached skill level 7 in Conjurations
  8908 | D:7      | Reached XP level 9. HP: 48/57 MP: 5/20
  9202 | D:7      | Reached skill level 8 in Conjurations
  9369 | D:7      | Offered knowledge of Searing Ray by Vehumet.
  9441 | D:7      | Learned a level 2 spell: Searing Ray
  9637 | D:7      | Reached ** piety under Vehumet
 10106 | D:8      | Noticed Pikel
 10108 | D:8      | Noticed Naow's ghost (novice DrFE)
 10207 | D:7      | Killed Pikel
 10207 | D:7      | Reached skill level 9 in Conjurations
 10869 | D:8      | Found Novet's Distillery.
 10878 | D:8      | Bought a potion of ambrosia for 112 gold pieces
 10878 | D:8      | Bought a potion of agility for 56 gold pieces
 10878 | D:8      | Bought a potion of magic for 112 gold pieces
 10878 | D:8      | Bought a potion of degeneration for 14 gold pieces
 10925 | D:8      | Found Focafru's Book Shoppe.
 10929 | D:8      | Found Dogubbai's Weapon Boutique.
 11406 | D:8      | Killed Naow's ghost
 11406 | D:8      | Gained mutation: A meltable icy envelope protects you from harm. (AC +10) [demonic ancestry]
 11406 | D:8      | Reached XP level 10. HP: 41/63 MP: 8/23
 11592 | D:8      | Found Natupp's Assorted Antiques.
 11606 | D:8      | Found Fos Icke's Antique Weapon Emporium.
 11838 | D:9      | Offered knowledge of Inner Flame by Vehumet.
 11838 | D:9      | Reached skill level 10 in Conjurations
 12221 | D:9      | Reached *** piety under Vehumet
 12394 | D:9      | Found a snail-covered altar of Cheibriados.
 12857 | D:9      | Learned a level 5 spell: Fireball
 13145 | D:9      | Reached skill level 10 in Spellcasting
 13449 | D:9      | Offered knowledge of Fulminant Prism by Vehumet.
 13725 | D:10     | Entered Level 10 of the Dungeon
 13833 | D:10     | Noticed a two-headed ogre
 13837 | D:10     | Found a staircase to the Lair.
 13843 | Lair:1   | Entered Level 1 of the Lair of Beasts
 13976 | Lair:1   | Reached skill level 11 in Conjurations
 13985 | Lair:1   | Noticed Gargoyl's ghost (journeyman DrAK)
 13986 | Lair:1   | Noticed Fannar
 13991 | Lair:1   | Killed a two-headed ogre
 13999 | D:10     | Noticed Sonja
 14420 | D:10     | Reached **** piety under Vehumet
 14423 | D:10     | Reached XP level 11. HP: 60/68 MP: 8/25
 15133 | D:10     | Offered knowledge of Lee's Rapid Deconstruction by Vehumet.
 15406 | D:10     | Noticed a two-headed ogre
 15417 | D:10     | Killed a two-headed ogre
 16185 | D:11     | Noticed a two-headed ogre
 16297 | D:11     | Noticed a white ugly thing
 16304 | D:10     | Reached skill level 12 in Conjurations
 16305 | D:10     | Killed a two-headed ogre
 16541 | D:10     | Killed a white ugly thing
 16711 | D:11     | Noticed Grum
 17696 | D:10     | Reached ***** piety under Vehumet
 17804 | D:10     | Killed Grum
 17933 | D:11     | Killed Sonja
 18031 | D:10     | Offered knowledge of Lightning Bolt by Vehumet.
 18258 | D:10     | Learned a level 5 spell: Lightning Bolt
 18560 | D:11     | Reached skill level 13 in Conjurations
 19143 | D:11     | Gained mutation: You have a pair of small horns on your head. [demonic ancestry]
 19143 | D:11     | Reached XP level 12. HP: 74/74 MP: 13/28
 19144 | D:11     | Quit the game

Skill      XL: |  1  2  3  4  5  6  7  8  9 10 11 |
---------------+----------------------------------+-----
Conjurations   | 2 3 4 5 7 9 11 13 | 13.2
Spellcasting   | 4 5 7 9 10 12 | 12.4
Shields        | 2 4 |  4.3
Dodging        | |  1.7
Stealth        | |  1.7
Summonings     | |  1.0
Translocations | |  0.8

Action                   |  1- 3 |  4- 6 |  7- 9 | 10-12 || total
-------------------------+-------+-------+-------+-------++-------
Melee: Dagger            |     4 |       |       |       ||     4
       Short sword       |     2 |       |       |       ||     2
       Rapier            |       |    69 |     8 |       ||    77
       Spear             |       |       |   110 |    71 ||   181
       Whip              |       |       |    13 |     8 ||    21
Throw: Tomahawk          |       |       |     4 |       ||     4
       Throwing net      |       |       |     1 |       ||     1
 Cast: Magic Dart        |    78 |   180 |   489 |   510 ||  1257
       Mephitic Cloud    |       |     4 |     7 |    43 ||    54
       Blink             |       |     2 |     6 |    19 ||    27
       Conjure Flame     |       |     1 |     9 |     8 ||    18
       Searing Ray       |       |       |     5 |    26 ||    31
       Fireball          |       |       |       |    67 ||    67
Evoke: Wand              |       |       |       |     6 ||     6
  Use: Scroll            |     4 |    10 |     5 |     3 ||    22
 Stab: Confused          |       |     1 |     2 |     3 ||     6
       Sleeping          |       |       |     1 |     2 ||     3
  Eat: Chunk             |     3 |    11 |    19 |    32 ||    65
       Fruit             |       |       |       |     2 ||     2
Armor: Robe              |     5 |    19 |   104 |   142 ||   270
Dodge: Dodged            |    12 |    60 |   126 |   172 ||   370
Block: Buckler           |       |    33 |   101 |   124 ||   258
       Reflection        |       |       |     3 |    11 ||    14
